Map: Arctic Dream LE

Players

qqq - Winner!

  • Race: Zerg Zerg
  • League: Platinum
  • Spawn Location: 11:00

Massa - Winner!

  • Race: Terran Terran
  • League: Gold
  • Spawn Location: 12:00

Tamriel

  • Race: Protoss Protoss
  • League: Gold
  • Spawn Location: 5:00

Polupoker

  • Race: Terran Terran
  • Spawn Location: 6:00

VOD

Have the link to the VOD?

Description

Time

  • Played on: May 11, 2020, 12:41 p.m.
  • Length: 5:01
Show
View Real Time Build Order
Export as new Build Order

qqq Zerg - Winner!

Build Orders: Hatch First 

Get SALT Encoding   

  12  0:02  Drone  
  13  0:10  Drone  
  14  0:38  Hatchery  
  13  0:52  Spawning Pool  
  12  0:57  Overlord  
  12  1:02  Drone  
  13  1:06  Drone  
  14  1:15  Extractor, Drone  
  14  1:22  Drone  
  15  1:31  Drone  
  16  1:43  Queen, Zergling x2  
  19  1:52  Drone  
  19  1:53  Queen  
  22  1:57  Drone  
  23  2:09  Zergling x2  
  23  2:10  Zergling x2  
  25  2:18  Zergling x2  
  26  2:26  Zergling x2  
  26  2:28  Zergling x2  
  26  2:29  Metabolic Boost  
  28  2:40  Overlord  
  28  2:41  Overlord  
  28  2:54  Lair  
  28  3:00  Zergling x4  
  30  3:06  Drone  
  30  3:09  Drone, Zergling x2  
  30  3:10  Zergling x2  
  30  3:12  Zergling x2  
  35  3:19  Zergling x2  
  36  3:20  Zergling x2  
  36  3:21  Drone  
  36  3:26  Zergling x2  
  39  3:27  Zergling x2  
  40  3:34  Baneling Nest  
  40  3:36  Drone  
  40  3:40  Zergling x2  
  41  3:42  Drone  
  41  3:47  Zergling x2  
  43  3:49  Zergling x2  
  44  4:00  Overlord x2  
  44  4:19  Zergling x2  
  44  4:20  Zergling x8  
  44  4:21  Drone x3  
  46  4:48  Drone x2  
  46  4:49  Drone  
  46  4:51  Extractor  
Show
View Real Time Build Order
Export as new Build Order

Massa Terran - Winner!

Build Orders:  

Get SALT Encoding   

  12  0:11  Supply Depot  
  12  0:13  SCV  
  13  0:25  SCV  
  14  0:34  Barracks  
  14  0:37  SCV  
  15  0:48  Supply Depot  
  15  0:49  SCV  
  16  1:01  SCV  
  17  1:06  Barracks  
  17  1:13  SCV  
  18  1:22  Barracks, Marine  
  19  1:29  SCV  
  20  1:39  Barracks  
  20  1:43  SCV  
  21  1:49  Refinery  
  21  1:51  Marine  
  21  1:53  Marine  
  23  2:09  Marine x2  
  23  2:11  Marine  
  26  2:27  Marine x2  
  26  2:28  Marine  
  26  2:29  Marine  
  30  2:34  Supply Depot  
  30  2:45  Marine  
  31  2:56  Marine x3  
  34  3:06  Marine  
  34  3:09  Orbital Command  
  35  3:13  Marine x2  
  35  3:14  Marine  
  38  3:21  Factory  
  38  3:24  Marine  
  39  3:38  Supply Depot  
  39  3:41  Marine x4  
  43  3:59  Marine x4  
  47  4:17  Marine x2  
  49  4:34  Marine x2  
  49  4:35  Marine x2  
  49  4:36  Factory Tech Lab  
Show
View Real Time Build Order
Export as new Build Order

Tamriel Protoss 

Build Orders: 1 Gate Expand 

Get SALT Encoding   

  12  0:01  Probe  
  13  0:15  Pylon  
  13  0:18  Probe  
  14  0:30  Probe (Chrono Boost)  
  15  0:36  Gateway  
  15  0:42  Probe (Chrono Boost)  
  16  0:47  Assimilator  
  16  0:49  Probe (Chrono Boost)  
  17  0:57  Probe  
  18  1:09  Probe  
  19  1:21  Probe  
  19  1:23  Cybernetics Core  
  20  1:33  Probe  
  21  1:44  Nexus  
  21  1:53  Zealot  
  23  1:57  Assimilator  
  23  2:04  Warp Gate (Chrono Boost)  
  23  2:13  Gateway  
  23  2:19  Pylon  
  23  2:37  Probe, Zealot  
  26  2:49  Robotics Facility  
  26  2:50  Probe (Chrono Boost)  
  27  2:51  Pylon  
  27  2:59  Probe (Chrono Boost)  
  27  3:05  Stalker  
  31  3:07  Probe (Chrono Boost)  
  31  3:09  Probe (Chrono Boost)  
  32  3:14  Probe x2 (Chrono Boost)  
  34  3:25  Probe  
  34  3:26  Probe  
  36  3:32  Pylon  
  36  3:38  Probe x2, Stalker  
  41  3:41  Observer  
  41  3:45  Stalker  
  43  3:50  Probe x2  
  45  4:02  Zealot  
  45  4:03  Robotics Bay  
  45  4:08  Stalker  
  45  4:39  Zealot x2  
Show
View Real Time Build Order
Export as new Build Order

Polupoker Terran 

Build Orders:  

Get SALT Encoding   

  12  0:01  SCV  
  13  0:20  Supply Depot  
  13  0:21  SCV  
  14  0:33  SCV  
  14  0:34  Refinery  
  15  0:44  Barracks  
  15  0:46  SCV  
  16  0:58  SCV  
  17  1:11  SCV  
  18  1:23  SCV  
  19  1:33  Refinery  
  19  1:36  Reaper  
  19  1:38  Supply Depot  
  20  1:49  Orbital Command  
  20  2:11  Factory  
  20  2:19  Barracks Tech Lab  
  20  2:50  Stimpack  
  20  2:52  Marine  
  20  2:59  Factory Tech Lab  
  20  3:03  SCV  
  21  3:09  Marine  
  22  3:15  SCV  
  23  3:25  Command Center, Siege Tank  
  26  3:27  Marine  
  26  3:28  SCV  
  28  3:38  Starport  
  28  3:45  Marine  
  29  3:56  SCV  
  29  4:08  SCV  
  11  4:31  Marine  
Tags
 
Add a new tag
Caveats
  • Supply blocks, unpowered buildings, or Contaminate may cause inaccurate times.
  • Supply counts are checked every 10 seconds.